 Dungeon Crawl Stone Soup version 0.29-a0-961-gfab03dca74 (webtiles) character file.

Game seed: 13679175679768642880

796 Ajdolov the Skirmisher (level 8, 0/56 HPs)
             Began as a Human Hunter on July 30, 2022.
             Was an Initiate of Hepliaklqana.
             Slain by a killer bee (6 damage)
             ... on level 4 of the Dungeon.
             The game lasted 00:08:44 (5134 turns).

Ajdolov the Skirmisher (Human Hunter)               Turns: 5134, Time: 00:08:45

Health: 0/56       AC:  7    Str: 11    XL:     8   Next: 13%
Magic:  8/8        EV: 12    Int:  9    God:    Hepliaklqana [......]
Gold:   337        SH:  0    Dex: 20    Spells: 7/7 levels left

rFire   + . .      SeeInvis .   a - +0 shortbow
rCold   + . .      Faith    .   (shield currently unavailable)
rNeg    . . .      Spirit   .   v - +3 leather armour {rPois}
rPois   +          Reflect  .   q - +0 helmet
rElec   .          Harm     .   s - scarf {rC+ rF+}
rCorr   .          Rampage  .   (no gloves)
Will    .....                   (no boots)
Stlth   ++........              (no amulet)
HPRegen 0.18/turn               (no ring)
MPRegen 0.11/turn               (no ring)

@: no status effects
A: no striking features
a: Renounce Religion


You were on level 4 of the Dungeon.
You worshipped Hepliaklqana.
Hepliaklqana was noncommittal.
You visited 1 branch of the dungeon, and saw 5 of its levels.
You also visited: Sewer.

You collected 337 gold pieces.

Inventory:

Hand Weapons
 a - a +0 shortbow (weapon)
Missiles
 j - a throwing net
 r - 6 curare-tipped darts
Armour
 q - a +0 helmet (worn)
 s - a scarf of resistance (worn)
 v - a +3 leather armour of poison resistance (worn)
Jewellery
 t - a ring of wizardry
Wands
 p - a wand of roots (16)
Scrolls
 b - a scroll of immolation
 d - 3 scrolls of enchant weapon {unknown}
 f - a scroll of enchant armour {unknown}
 h - 3 scrolls of identify {unknown}
 k - 4 scrolls of amnesia {unknown}
 m - 2 scrolls of butterflies {unknown}
 o - a scroll of magic mapping {unknown}
 u - a scroll of vulnerability {unknown}
 w - 2 scrolls of teleportation {unknown}
Potions
 c - 2 potions of might {unknown}
 e - a potion of invisibility {unknown}
 g - 2 potions of heal wounds {unknown}
 i - a potion of lignification {unknown}
 l - a potion of resistance {unknown}
 n - a potion of curing {unknown}
 x - a potion of attraction {unknown}
 z - a potion of magic {unknown}


   Skills:
 - Level 2.0 Fighting
 * Level 9.5 Ranged Weapons
 - Level 2.0 Dodging
 - Level 1.0 Stealth


You had 7 spell levels left.
You didn't know any spells.
Your spell library contained the following spells:

 Spells                   Type           Power      Damage    Failure   Level
 Summon Small Mammal      Summ           0%         N/A       47%         1
 Call Canine Familiar     Summ           0%         N/A       85%         3
 Dazzling Flash           Conj/Hex       0%         N/A       85%         3
 Summon Guardian Golem    Hex/Summ       0%         N/A       85%         3
 Agony                    Necr           0%         N/A       100%        5
 Silence                  Hex/Air        0%         N/A       100%        5


Dungeon Overview and Level Annotations

Branches:
Dungeon (5/15)              Sewer (visited)
 Temple: D:4-7

Altars:
Cheibriados
Gozag
Hepliaklqana
Ru
Vehumet

Annotations:
D:3 1 runed translucent door, Crazy Yiuf


Message History

You shoot an arrow.
The arrow barely misses the killer bee. x2
The killer bee buzzes angrily.
You feel sick. The killer bee stings you.
A killer bee comes into view.
The killer bee stings you.
Fire: a) +0 shortbow
Press: ? - help, Q - select action, (/) - cycle Shift-Dir - straight line, f/p - killer bee
Aim: a killer bee (heavily wounded, 44% to hit)
You shoot an arrow. The arrow misses the killer bee.
The arrow barely misses the killer bee.
The arrow misses the killer bee.
The killer bee buzzes angrily.
You feel sick. The killer bee stings you!
A killer bee comes into view.
The killer bee stings you but does no damage.
Unknown command.
You feel sick. The killer bee barely misses you.
Things that are here:
a +0 giant club; an ogre corpse You feel sick.
There is a stone staircase leading up here.
You feel sick.
You are no longer poisoned.
The killer bee stings you.
* * * LOW HITPOINT WARNING * * *
The killer bee stings you.
* * * LOW HITPOINT WARNING * * *
The killer bee stings you.
* * * LOW HITPOINT WARNING * * *
You climb upwards.
There is a stone staircase leading down here.
Okay, then.
Aiming: Fastroot
Press: ? - help, Shift-Dir - straight line, f - killer bee
Aim: a killer bee (heavily wounded)
The roots erupt in riotous growth!
Roots grab the killer bee.
The grasping roots constrict the killer bee.
The killer bee stings you.
You die...

######.......#
.............#########
######.......#.......#
#####.......#.#####.#
##...........#.# #.#
.#..........[#.# #.#
.#........####.# #.#
.#........####.#####.#
................@y...#
.........#############
.........# .........#
.#.......# .#####.###
.## #.# ..# #.# ..#
#.#


You could see a killer bee (rooted).

Vanquished Creatures
  An ogre (D:5)
  A phantom (D:4)
  3 kobold brigands (D:3)
  A bullfrog (Sewer)
  An iguana (D:4)
  Robin (D:3)
  8 gnolls (D:3)
  9 adders
  A worm (D:2)
  2 dart slugs
  An orc (D:3)
  8 bats
  14 endoplasms
  10 giant cockroaches
  15 hobgoblins
  4 jackals (D:4)
  3 quokkas
  18 ball pythons
  20 frilled lizards
  13 goblins
  38 kobolds
  4 rats
176 creatures vanquished.

Notes
Turn   | Place    | Note
-------+----------+-------------------------------------------
     0 | D:1      | Ajdolov the Human Hunter began the quest for the Orb.
     0 | D:1      | Reached XP level 1. HP: 16/16 MP: 1/1
   113 | D:1      | Reached XP level 2. HP: 15/22 MP: 2/2
   544 | D:1      | Reached XP level 3. HP: 27/27 MP: 3/3
   572 | D:1      | Found a faded altar of an unknown god.
   636 | D:1      | Reached skill level 5 in Ranged Weapons
  1317 | D:2      | Reached XP level 4. HP: 33/33 MP: 4/4
  1621 | D:3      | Found a runed translucent door.
  1622 | D:3      | Noticed Crazy Yiuf
  2197 | D:3      | Reached XP level 5. HP: 28/38 MP: 5/5
  2281 | D:3      | Reached skill level 6 in Ranged Weapons
  2552 | D:3      | Noticed a kobold brigand
  2559 | D:3      | Noticed Robin
  2560 | D:3      | Killed a kobold brigand
  2561 | D:3      | Reached skill level 7 in Ranged Weapons
  2561 | D:3      | Reached XP level 6. HP: 38/44 MP: 6/6
  2576 | D:3      | Killed Robin
  3202 | D:3      | Found a sacrificial altar of Ru.
  3259 | D:3      | Found a snail-covered altar of Cheibriados.
  3270 | D:3      | Reached skill level 8 in Ranged Weapons
  3270 | D:3      | Reached XP level 7. HP: 50/50 MP: 7/7
  3543 | D:3      | Became a worshipper of Ru the Awakened
  3586 | D:4      | Found a glowing drain.
  3602 | Sewer    | Entered a sewer
  4192 | D:4      | Found an opulent altar of Gozag.
  4382 | D:4      | Found a hazy altar of Hepliaklqana.
  4474 | D:4      | Fell from the grace of Ru
  4474 | D:4      | Became a worshipper of Hepliaklqana the Forgotten
  4657 | D:4      | Found a radiant altar of Vehumet.
  4812 | D:4      | Reached skill level 9 in Ranged Weapons
  5015 | D:5      | Entered Level 5 of the Dungeon
  5087 | D:5      | Reached XP level 8. HP: 56/56 MP: 8/8
  5134 | D:4      | Slain by a killer bee

Illustrated notes

Levels and vault maps discovered:
D:1:      minmay_arrival_cross, layout_loops_cross,
          hellmonk_ecumenical_altar_inner_sanctum
D:2:      layout_loops_ring
D:3:      minmay_goblin_kobold_castle, layout_basic, nicolae_ru_path_of_blood,
          kennysheep_slug_shrine, minivault_5, uniq_crazy_yiuf_cottage,
          uniq_robin
D:4:      layout_basic, fiery_altar_vehumet, mainiacjoe_overflow_alcove_2,
          nzn_hepliaklqana_mist_gate, cheibrodos_sewer_entry_drain
D:5:      layout_loops_ring, serial_shops, shop

Skill      XL: |  1  2  3  4  5  6  7 |
---------------+----------------------+-----
Ranged Weapons | 5 7 8 9 |  9.5
Fighting       | |  2.0
Dodging        | |  2.0
Stealth        | |  1.0

Action                   |  1- 3 |  4- 6 |  7- 9 || total
-------------------------+-------+-------+-------++-------
 Fire: Shortbow          |   104 |   166 |   161 ||   431
Throw: Dart              |       |       |     1 ||     1
Evoke: Wand              |       |     4 |     1 ||     5
Armor: Leather armour    |    22 |    20 |    21 ||    63
Dodge: Dodged            |    45 |    63 |    44 ||   152

Table legend: (Time is in decaauts)
 A = Elapsed time spent in this place.
 B = Non-inter-level travel time spent in this place.
 C = Inter-level travel time spent in this place.
 D = Time resting spent in this place.
 E = Time spent auto-exploring this place.
 F = Levels seen in this place.
 G = Mean time per level.
                   A        B        C        D        E       F      G
               +--------+--------+--------+--------+--------+-----+--------+
         Total |   5296 |   4967 |    329 |    477 |   3565 |   6 |  882.7 |
       Dungeon |   4758 |   4429 |    329 |    301 |   3366 |   5 |  951.6 |
         Sewer |    538 |    538 |      0 |    176 |    198 |   1 |  538.0 |
               +--------+--------+--------+--------+--------+-----+--------+

Top non-repeatable levels by time:
     D:3: 1951 daAuts
     D:4: 1028 daAuts
     D:1: 977 daAuts
     D:2: 735 daAuts
   Sewer: 538 daAuts
     D:5: 64 daAuts
